 Dungeon Crawl Stone Soup version 0.28.0-43-g3370ac3207 (webtiles) character file.

Game seed: 13001197236941344593

2 rabbitsville the Conjurer (level 1, -2/13 HPs)
             Began as a Merfolk Conjurer on Feb 28, 2022.
             Killed from afar by a dart slug (4 damage)
             ... with a slug dart
             ... on level 1 of the Dungeon.
             The game lasted 00:02:08 (150 turns).

rabbitsville the Conjurer (Merfolk Conjurer)         Turns: 150, Time: 00:02:08

Health: -2/13      AC:  2    Str:  7    XL:     1   Next: 30%
Magic:  1/3        EV: 12    Int: 17    God:
Gold:   10         SH:  0    Dex: 12    Spells: 3/4 levels left

rFire   . . .      SeeInvis .   e - +0 dagger
rCold   . . .      Faith    .   (no shield)
rNeg    . . .      Spirit   .   a - +0 robe
rPois   .          Reflect  .   (no helmet)
rElec   .          Harm     .   (no cloak)
rCorr   .          Rampage  .   (no gloves)
Will    .....                   (no boots)
Stlth   ++........              (no amulet)
HPRegen 0.04/turn               c - ring of wizardry
MPRegen 0.08/turn               (no ring)

@: no status effects
A: (nimble swimmer 2), mertail
a: no special abilities


You were on level 1 of the Dungeon.
You visited 1 branch of the dungeon, and saw 1 of its levels.

You collected 10 gold pieces.

Inventory:

Hand Weapons
 e - a +0 dagger (weapon)
Missiles
 b - 47 stones (quivered)
Armour
 a - a +0 robe (worn)
Jewellery
 c - a ring of wizardry (left hand)
Scrolls
 d - a scroll of teleportation {unknown}


   Skills:
 + Level 2.7 Dodging
 - Level 2.1 Stealth
 * Level 2.0 Spellcasting
 * Level 3.3 Conjurations


You had 3 spell levels left.
You knew the following spells:

 Your Spells              Type           Power      Damage    Failure   Level
a - Magic Dart            Conj           52%        1d5       1%          1

Your spell library contained the following spells:

 Spells                   Type           Power      Damage    Failure   Level
 Searing Ray              Conj           26%        2d5       3%          2
 Dazzling Flash           Conj/Hex       14%        N/A       12%         3
 Fulminant Prism          Conj/Hex       3%         3d6       34%         4
 Iskenderun's Mystic Bla  Conj/Tloc      7%         2d4       34%         4
 Metabolic Englaciation   Hex/Ice        0%         N/A       88%         5
 Yara's Violent Unravell  Hex/Tmut       0%         3d3       88%         5


Dungeon Overview and Level Annotations

Branches:
Dungeon (1/15)

Altars:


Innate Abilities, Weirdness & Mutations

((You are very nimble when in or above water. (Stealth+, EV+, Speed+++)))
Your lower body shifts to a powerful aquatic tail in water.


Message History

Aim: a dart slug (moderately wounded, 93% to hit)
You throw a stone.
The stone hits the dart slug but does no damage.
The dart slug is moderately wounded.
The dart slug launches a dart at you. The slug dart hits you.
Throw: 48 stones
Press: ? - help, Q - select action, (/) - cycle Shift-Dir - straight line, f/p - dart slug
Aim: a dart slug (moderately wounded, 93% to hit)
You throw a stone.
The stone completely misses the dart slug.
The dart slug launches a dart at you. The slug dart hits you.
Things that are here:
a +0 dagger; a goblin corpse
e - a +0 dagger
e - a +0 dagger (weapon)
You hit the dart slug.
The dart slug is moderately wounded.
The dart slug bites you.
You hit the dart slug but do no damage.
The dart slug is moderately wounded.
You hit the dart slug but do no damage.
The dart slug is moderately wounded.
The dart slug bites you.
You hit the dart slug but do no damage.
The dart slug is lightly wounded.
The dart slug launches a dart at you. The slug dart hits you.
* * * LOW HITPOINT WARNING * * *
You hit the dart slug.
The dart slug is moderately wounded.
The dart slug barely misses you.
You hit the dart slug.
The dart slug is heavily wounded.
You hit the dart slug but do no damage.
The dart slug is heavily wounded.
The dart slug launches a dart at you. The slug dart hits you.
You die...

####.##....
.....#....#.###.#.#.#
#.##..........#....#.#...#.#.#
#........... #........#.#.#.#
####........ #......###.#.#.#
#....... #....... ..#.#.#
#........ #..#.#######.#.#
..(...###..#.........#.#
#(.........###.......
#w@...............#
#........###(######
#..........#.# #..........#.#
#..........#.# ..########..#.#
... ..#.# .... ..#.# ## ..#


You could see a dart slug.

Vanquished Creatures
  A goblin (D:1)
  A rat (D:1)
2 creatures vanquished.

Notes
Turn   | Place    | Note
-------+----------+-------------------------------------------
     0 | D:1      | rabbitsville the Merfolk Conjurer began the quest for the
                  | Orb.
     0 | D:1      | Reached XP level 1. HP: 13/13 MP: 3/3
    92 | D:1      | Got the Incunabulum of Execration
   150 | D:1      | Killed from afar by a dart slug

Illustrated notes

Levels and vault maps discovered:
D:1:      eino_arrival_cavern_c, layout_basic, basic_ecumenical_altar

Action                   || total
-------------------------++-------
Melee: Dagger            ||     7
Throw: Stone             ||     2
 Cast: Magic Dart        ||     4
Dodge: Dodged            ||     1
